cohdb
Replays
Latest Replays
All Replays
Popular Replays
Top Player Replays
Match Explorer
How It Works
Community
CoH3 Stats
Reddit
Sign in to upload your games and track your stats! →
Sign in with Steam
Match 43699828
Unlisted
Match 43699828
Overview
Messages
Build Orders
End
Construct Section Command Post
Royal Engineer Section
Dingo Light Scout Car
Infantry Section
Vickers Machine Gun Team
Infantry Section
Construct Platoon Command Post
Construct Platoon Command Post
Grenade Package
Humber Armored Car
Infantry Section
Selects Heavy Armor Battlegroup
Selects Light Vehicle Withdraw and Refit
Infantry Section
Construct Field Infirmary
Selects UNKNOWN (202330)
Construct Company Command Post
Infantry Training
Crusader AA Medium Tank
Selects Recon Artillery
Selects Rigorous Vehicle Training
Selects Forward Repair Assembly
Crusader II Medium Tank
Crusader AA Medium Tank
Armored Vehicle Training
Crusader II Medium Tank
Unlock M3 Grant Medium Tanks
M3 Grant Medium Tank
M3 Grant Medium Tank
Recon Artillery
Grommash
BravoTwoZer0
Diogene
Ark
OMG …(⊙_⊙;)… (TH)
matrix4x4
PapagaioLouco
Jean-Luc Picard
0
0
Comments
sign in to comment!
No comments posted yet!